 Dungeon Crawl Stone Soup version 0.17-a0-1830-g81820eb (webtiles) character file.

1341 abixa the Chopper (level 8, -7/63 (66) HPs)
             Began as a Ghoul Gladiator on Sept 13, 2015.
             Mangled by an orc warrior
             ... wielding a +0 glaive
              (13 damage)
             ... on level 5 of the Dungeon.
             The game lasted 00:14:29 (5024 turns).

abixa the Chopper (Ghoul Gladiator)                 Turns: 5024, Time: 00:14:29

HP:   -7/63 (66)    AC: 10    Str: 19    XL:     8   Next: 62%
MP:   7/7           EV:  8    Int:  3    God:
Gold: 338           SH:  0    Dex: 11    Spells: 0 memorised, 7 levels left

rFire  . . .     SeeInvis .     a - +0 war axe
rCold  + . .     Clarity  .     b - +3 leather armour
rNeg   + + +     SustAt   +     (no shield)
rPois  ∞         Gourm    .     c - +0 helmet
rElec  .         Spirit   .     H - +0 cloak
rCorr  .         Warding  .     v - +0 pair of gloves
rMut   .         Stasis   .     (no boots)
MR     .....                    N - amulet of faith
Stlth  +.........               (no ring)
                                K - ring of sustain attributes

@: rotting, not resistant to hostile enchantments, very unstealthy
A: rotting body, claws 1, carnivore 3, cold resistance 1, negative energy
resistance 3, slow healing 1, torment resistance, unbreathing
a: no special abilities


You were on level 5 of the Dungeon.
You were not hungry.

You visited 1 branch of the dungeon, and saw 6 of its levels.

You collected 338 gold pieces.

Inventory:

Hand weapons
 a - a +0 war axe (weapon)
 B - a +0 trident of freezing
Missiles
 d - 2 throwing nets (quivered)
 f - 252 stones
 i - 64 arrows
 m - 7 arrows of frost
 t - 80 bolts
 u - 4 curare-tipped needles
 w - 17 sling bullets of flame
 A - 2 steel tomahawks
 C - 19 sling bullets
 F - 2 tomahawks
 M - 11 poisoned needles
Armour
 b - a +3 leather armour (worn)
 c - a +0 helmet (worn)
 v - a +0 pair of gloves (worn)
 H - a +0 cloak (worn)
Jewellery
 I - an uncursed amulet of the gourmand
 K - a ring of sustain attributes (left hand)
 N - an amulet of faith (around neck)
Scrolls
 h - a scroll of blinking {unknown}
 j - 5 scrolls of remove curse {unknown}
 k - a scroll of amnesia {unknown}
 n - 2 scrolls of identify {unknown}
 o - a scroll of recharging {unknown}
 q - a scroll of enchant weapon {unknown}
 y - a scroll of immolation {unknown}
 D - a scroll of teleportation {unknown}
 E - a scroll of random uselessness {unknown}
Potions
 g - 2 potions of cure mutation {unknown}
 l - 3 potions of curing {unknown}
 p - 2 potions of heal wounds {unknown}
 r - 2 potions of brilliance {unknown}
 s - a potion of poison {unknown}
 x - 3 potions of agility {unknown}
Books
 G - a book of Annihilations

   Spells                             Type                      Level
   a - Poison Arrow                   Conjuration/Poison           6
   b - Chain Lightning                Conjuration/Air              8
   c - Lehudib's Crystal Spear        Conjuration/Earth            8
   d - Glaciate                       Conjuration/Ice              9
   e - Fire Storm                     Conjuration/Fire             9
 J - a book of Summonings

   Spells                             Type                      Level
   a - Recall                         Summoning/Translocation      3
   b - Aura of Abjuration             Summoning                    5
   c - Shadow Creatures               Summoning                    5
   d - Summon Demon                   Summoning                    5
   e - Summon Forest                  Summoning/Translocation      5
   f - Summon Mana Viper              Hexes/Summoning              5
Comestibles
 e - 3 meat rations
 z - a royal jelly


   Skills:
 + Level 4.1 Fighting
 * Level 7.6 Axes
 - Level 1.7 Throwing
 + Level 4.1 Armour
 + Level 4.0 Dodging


You had 7 spell levels left.
You didn't know any spells.

Dungeon Overview and Level Annotations

Branches:
Dungeon (6/15)
 Temple: D:4-7

Altars:
Sif Muna
The Shining One


Innate Abilities, Weirdness & Mutations

Your body is rotting away.
You thrive on raw meat.
You are immune to poison.
You have sharp fingernails.
You are carnivorous and can eat meat at any time.
Your flesh is cold resistant.
You are immune to negative energy.
You heal slowly when monsters are visible.
You are immune to unholy pain and torment.
You can survive without breathing.


Message History

You slash the orc warrior!
The orc warrior is moderately wounded.
The orc warrior hits you with a glaive.
You hit the orc warrior but do no damage.
The orc warrior is moderately wounded.
The orc warrior hits you with a glaive.
You hit the orc warrior but do no damage.
The orc warrior is moderately wounded.
The orc warrior hits you with a glaive.
* * * LOW HITPOINT WARNING * * *
You closely miss the orc warrior.
The orc warrior is moderately wounded.
You barely miss the orc warrior.
The orc warrior is moderately wounded.
The orc warrior hits you with a glaive!
* * * LOW HITPOINT WARNING * * *
The orc warrior barely misses you.
There is a stone staircase leading up here.
The orc warrior hits you from afar with a glaive!
You die...

#######.#.##.## ##.##.##
........#.#...### ###...#..#
#########.'.8...###...8....# #
#.#.............#..###### ##
#.###....>....###.......# .# #.#
###.....###.........# .## #.#
##.8.##...........# ..#######.#
###..[..###.........###
..........###..o.@....###.......'..
..........#.............#.......###
#.#######...8...###...8...........#
#..# #.#...#######...#.......#.#
##.# #.##'##.....##.###+#....#.#
#.# #..#....................#.#
##.#### #..#.................##.#.#
......# #..#....................#.#
##.##.# #..#.................####.#


You could see an orc warrior.

Vanquished Creatures
  Pikel (D:5)
  Edmund (D:4)
  An ice beast (D:4)
  2 slaves
  An ogre (D:4)
  A giant frog (D:5)
  An orc wizard (D:4)
  3 orc priests
  2 iguanas (D:5)
  4 worker ants
  2 hound skeletons (D:5)
  6 gnolls
  8 adders
  An adder skeleton (D:4)
  An adder zombie (D:5)
  4 worms
  3 giant geckos
  17 orcs
  3 giant cockroaches
  7 goblins
  3 hobgoblins
  3 jackals
  10 kobolds
  2 quokkas
  A ball python (D:2)
  3 bats (D:3)
  5 giant newts
  A quokka skeleton (D:4)
  A quokka zombie (D:5)
  8 rats
106 creatures vanquished.

Vanquished Creatures (others)
  An ogre (D:6)
1 creature vanquished.

Grand Total: 107 creatures vanquished

Notes
Turn   | Place    | Note
--------------------------------------------------------------
     0 | D:1      | abixa the Ghoul Gladiator began the quest for the Orb.
     0 | D:1      | Reached XP level 1. HP: 17/17 MP: 0/0
   137 | D:1      | Reached skill level 3 in Axes
   172 | D:1      | Reached XP level 2. HP: 21/24 MP: 1/1
   601 | D:2      | Reached XP level 3. HP: 9/29 MP: 2/2
   825 | D:2      | Reached skill level 4 in Axes
  1187 | D:3      | Reached XP level 4. HP: 27/36 MP: 3/3
  1196 | D:3      | Found a faded altar to an unknown god.
  1742 | D:3      | Reached skill level 5 in Axes
  1746 | D:3      | Reached XP level 5. HP: 29/41 MP: 4/4
  2183 | D:3      | Found a glowing golden altar of the Shining One.
  2230 | D:4      | Noticed Edmund
  2289 | D:4      | Noticed an ogre
  2305 | D:4      | Killed an ogre
  2305 | D:4      | Reached skill level 6 in Axes
  2305 | D:4      | Reached XP level 6. HP: 28/48 MP: 5/5
  2391 | D:4      | Found a deep blue altar of Sif Muna.
  2525 | D:4      | Killed Edmund
  2525 | D:4      | Reached skill level 1 in Armour
  2642 | D:4      | Reached XP level 7. HP: 50/56 MP: 6/6
  2863 | D:5      | Entered Level 5 of the Dungeon
  3824 | D:5      | Reached skill level 7 in Axes
  3999 | D:6      | Noticed a wyvern
  4085 | D:6      | Noticed Pikel
  4370 | D:5      | Killed Pikel
  4370 | D:5      | Reached XP level 8. HP: 33/66 MP: 7/7
  4995 | D:5      | HP: 3/63 [orc warrior/glaive (13)]
  5024 | D:5      | Mangled by an orc warrior

Vault maps used:
D:1:      eino_arrival_cavern_e
D:2:      kennysheep_big_flooded_room, minmay_misc_feat_doors
D:3:      ecumenical_altar_2, nicolae_tso_swordbearing_angel
D:4:      overflow_temple_1_default, uniq_edmund
D:5:      first_bread, grunt_ministairs_13, minivault_24
D:6:      corexii_shack_village, kennysheep_little_box, uniq_pikel

Action                   |  1- 3 |  4- 6 |  7- 9 || total
-------------------------+-------+-------+-------++-------
Melee: War axe           |    90 |   201 |   205 ||   496
Throw: Stone             |       |     2 |       ||     2
       Throwing net      |       |     3 |       ||     3
 Stab: Held in net/web   |       |     2 |       ||     2
  Eat: Chunk             |     8 |    23 |    18 ||    49
